[Event "97th Argentine Championship 2022"]
[Site "Barichole"]
[Date "2022.12.06"]
[Round "7.2"]
[White "Peralta, Fernando"]
[Black "Valerga, Diego"]
[Result "1-0"]
[ECO "D45"]
[WhiteElo "2587"]
[BlackElo "2438"]
[Annotator "TA"]
[PlyCount "91"]
[EventDate "2022.12.01"]
[EventType "tourn"]
[EventCountry "ARG"]
[SourceTitle "playchess.com"]
[Source "ChessBase"]
[SourceQuality "1"]
[TimeControl "40/5400+30:1800+30"]

1. d4 {[%emt 0:00:03] Wojtaszek,Radoslaw} d5 2. c4 e6 3. Nf3 Nf6 4. Nc3 c6 5. e3 a6 6. b3 Bb4 7. Bd2 Nbd7 8. Bd3 O-O 9. O-O {[%emt 0:00:04][%cal Oc3d5] D45: Semi-Slav: 5 e3.} Bd6 10. Re1 h6 11. e4 {[%emt 0:02:45] And now e5 would win. The position is equal.} dxc4 12. bxc4 e5 $1 13. c5 Bc7 14. Qc2 Re8 15. Rad1 exd4 16. Ne2 {[%emt 0:00:22] [#]} Ng4 $146 ({Predecessor:} 16... Qe7 17. Rc1 Rd8 18. Nexd4 Ne5 19. Nxe5 Qxe5 20. Nf3 Qe7 21. e5 Nd5 22. Qc4 Be6 {1-0 (52) Wojtaszek,R (2737)-Fridman,D (2638) Dortmund 2019 CBM 191 [Wojtaszek,Radoslaw]}) 17. Nexd4 Nde5 18. h3 Nxd3 $1 19. Qxd3 Ne5 20. Nxe5 Bxe5 21. Be3 g5 {[%emt 0:12:06] Prevents f4.} (21... Qf6 $11 {keeps the balance.}) 22. Qc2 (22. Qe2 $5 ) 22... Qe7 23. Nf3 Bg7 24. Bd4 g4 25. hxg4 Bxg4 26. Bxg7 Kxg7 27. Rd6 ({White should play} 27. Qc3+ $1 $16 Qf6 28. e5) 27... Bxf3 $1 $14 28. Qc3+ {[%emt 0:02:57][%mdl 64] Zwischenzug, Double Attack} Qe5 29. Qxf3 Re7 ({Better is} 29... Re6 $14) 30. Qe3 $1 $16 Qh5 31. e5 {[%emt 0:44:51] aiming for Qd4. White is more active.} Rae8 32. f4 {[%emt 0:00:00] Threatens to win with Qd3.} Re6 33. Qe4 {[%emt 0:00:00] Against Qf5} Qg4 34. Re3 h5 35. Kh2 {[%emt 0:00:00] Black must now prevent Rg3.} h4 {[%emt 0:00:18] Prevents Rg3.} 36. Rh3 (36. Rf3 $16) 36... Rg6 {[%emt 0:01:36] This costs Black the game.} ({Black should try} 36... f6 $1 $14) 37. Qf3 $1 $18 {[%emt 0:00:00] Chess con chili.} Qxf3 38. Rxf3 {[%emt 0:00:00][%mdl 4096] Endgame KRR-KRR} Kf8 $2 (38... Rg8 39. Rb3 Kh7) 39. Rb3 (39. Rxg6 $142 fxg6 40. Kh3) 39... Rg4 {[%emt 0:00:56] [#]} 40. Rf6 (40. Rxb7 Rxf4 41. Rf6 (41. Rxc6 Rxe5 42. Rb2 a5 $11) 41... Rxf6 42. exf6 Re6 $14) 40... Rd8 {[%emt 0:00:00] [#]} 41. Kh3 $1 (41. Rxb7 Rd2 $14) 41... Rg7 42. Rd6 {[%emt 0:01:11] Inhibits Rd1.} (42. Rxb7 Rd1 43. Kh2 (43. Rxc6 $2 Rh1#) 43... Rd2) (42. Kxh4 Rxg2 43. Kh3 (43. Rxb7 Rd1 $11) 43... Rg7 $18) 42... Rb8 43. Rxc6 ({Less strong is} 43. Kxh4 Rxg2 44. Rd7 Kg7 45. Rg3+ (45. Rbxb7 $2 Rh8#) 45... Rxg3 46. Kxg3 Kg6 47. Rd6+ Kh5 $18) 43... Rg3+ $2 (43... bxc6 44. Rxb8+ Ke7) 44. Rxg3 {[%emt 0:00:17] White is clearly winning.} bxc6 45. Rb3 Rd8 46. Kxh4 {[%emt 0:00:35] Weighted Error Value: White=0.14 (very precise) /Black=0.24 (precise)} 1-0

[Event "97th Argentine Championship 2022"]
[Site "Barichole"]
[Date "2022.12.06"]
[Round "7.3"]
[White "Pichot, Alan"]
[Black "Perez Ponsa, Federico"]
[Result "1-0"]
[ECO "C78"]
[WhiteElo "2637"]
[BlackElo "2538"]
[Annotator "TA"]
[PlyCount "91"]
[EventDate "2022.12.01"]
[EventType "tourn"]
[EventCountry "ARG"]
[SourceTitle "playchess.com"]
[Source "ChessBase"]
[SourceQuality "1"]
[TimeControl "40/5400+30:1800+30"]

1. e4 e5 2. Nf3 Nc6 3. Bb5 a6 4. Ba4 Nf6 5. O-O b5 6. Bb3 Bc5 7. a4 Rb8 8. c3 d6 9. d4 Bb6 10. a5 {[%emt 0:00:07] C78: Ruy Lopez: Archangelsk and Möller Defences.} (10. Na3 $14 {is superior.}) 10... Ba7 $1 $11 (10... Nxa5 11. Rxa5 Bxa5 12. dxe5 $14) (10... Bxa5 $2 11. dxe5 (11. d5 Ne7 $18) 11... dxe5 12. Qxd8+ Kxd8 13. Bd5 (13. Bxf7 Bb6 $16) 13... Nxd5 14. exd5 $18) 11. Be3 Bg4 12. Nbd2 {[%emt 0:05:27] The position is equal.} exd4 13. cxd4 O-O $1 14. h3 Bh5 (14... Bxf3 15. Nxf3 d5 16. e5 $14) 15. Re1 {[%emt 0:04:25] [#]} d5 $146 (15... Nb4 $11) ({Predecessor:} 15... Bxd4 16. Nxd4 Nxd4 17. g4 Nxb3 18. Qxb3 Bg6 19. Bg5 h6 20. Bh4 Bh7 21. f4 g5 22. fxg5 {½-½ (55) Esipenko,A (2720)-Shirov,A (2659) Riga 2021}) 16. e5 (16. Qc1 {is interesting.} dxe4 17. Qxc6 exf3 18. g4) 16... Ne4 17. Nxe4 dxe4 18. Qc2 $1 (18. Rc1 $2 Nxa5 19. g4 Bxg4 20. hxg4 Nxb3 21. Qxb3 exf3 $19) 18... Nxa5 19. Rxa5 (19. Qxe4 $2 Nxb3 20. Rxa6 Bb6 $19) 19... exf3 20. Qf5 $36 {[%emt 0:01:03][%mdl 2048] White has good play.} Bg6 21. Qxf3 Bxd4 22. Rd1 (22. Rxa6 {simplifies} Kh8 23. Bxd4 Qxd4 24. Rc6) 22... c5 23. Rxa6 Qc7 ({Black should play} 23... Qe7 $14) 24. Bxd4 $16 cxd4 25. Rd6 {[%emt 0:00:56] White has more active pieces.} (25. Qf4 {feels hotter.} d3 26. Rc1 Qb7 27. Rd6) 25... Qe7 {[%emt 0:03:59] Against h4} 26. Qg3 ({But not} 26. R6xd4 $6 Qxe5 27. Qd5 Qe7 $14) 26... d3 27. e6 $1 Rbd8 (27... fxe6 $2 28. Rxe6 $18 (28. Bxe6+ Kh8 $15) (28. Bxe6+ Kh8 $11)) 28. exf7+ Bxf7 29. Rxd8 {[%emt 0:00:14] The board is on fire.} Rxd8 30. Rxd3 {[%emt 0:00:21][%cal Og3e5] Qe5! is the strong threat.} Rxd3 31. Qxd3 {[%emt 0:04:44][%mdl 4096] Endgame Strongly threatening Bxf7+. KQB-KQB} Qe1+ 32. Kh2 {[%emt 0:00:05] Threatening mate with Qd8+.} Qe5+ 33. g3 {[%emt 0:00:07] White threatens Qd8+ and mate.} Bxb3 34. Qxb3+ {[%emt 0:00:07] KQ-KQ} Kh8 35. Qe3 {[%emt 0:06:30] Against h6} Qb8 36. b4 h6 37. Qe4 Qf8 38. Kg2 Qf7 $2 {[%emt 0:00:59][%mdl 8192] [#]} (38... Qc8 $16 39. h4 Qd7) 39. g4 $2 (39. Qc6 $1 $18 Qf5 40. g4) 39... Kg8 $2 {[%emt 0:00:34][%mdl 8192] [#] This move loses the game for Black.} (39... Qd7 $16 40. h4 Kg8) 40. Qc6 $1 $18 {[%emt 0:00:00] White is clearly winning.} Qe7 41. Qxb5 Qe4+ 42. Kg3 g5 43. Qf5 Qc6 44. b5 Qd6+ 45. Kg2 Kg7 46. Qe4 {[%emt 0:00:19] Weighted Error Value: White=0.25 (precise) /Black=0.15 (very precise)} 1-0

[Event "97th Argentine Championship 2022"]
[Site "Barichole"]
[Date "2022.12.07"]
[Round "7.4"]
[White "Paveto, Kevin"]
[Black "Flores, Diego"]
[Result "1-0"]
[ECO "B41"]
[WhiteElo "2431"]
[BlackElo "2547"]
[Annotator "TA"]
[PlyCount "99"]
[EventDate "2022.12.01"]
[EventType "tourn"]
[EventCountry "ARG"]
[SourceTitle "playchess.com"]
[Source "ChessBase"]
[SourceQuality "1"]
[TimeControl "40/5400+30:1800+30"]

1. e4 c5 2. Nf3 e6 3. d4 cxd4 4. Nxd4 a6 5. c4 Nf6 6. Nc3 Qc7 7. Be2 b6 8. O-O Bb7 {[%emt 0:00:10] Against e5. B41: Sicilian: Kan Variation: 5 c4.} 9. Qd3 Nc6 10. Nxc6 dxc6 {[%emt 0:01:07] The position is equal.} 11. f4 Bc5+ 12. Kh1 $1 {[%emt 0:00:30] [#]} Nd7 $146 ({Predecessor:} 12... Rd8 13. Qf3 Bd4 14. e5 c5 15. Qg3 Ne4 16. Qxg7 Rf8 17. Nxe4 Bxe4 18. Qg3 Kd7 {0-1 (25) Maurizzi,M (2415)-Grandelius,N (2691) chess24.com INT 2019}) 13. e5 O-O-O 14. Qg3 f5 15. exf6 gxf6 16. Be3 {[%emt 0:00:31] Threatening Bxc5.} Rhg8 17. Qh3 {[%emt 0:05:00] White wants to play Bxc5.} f5 18. Rad1 Bb4 19. Na4 {[%emt 0:15:54][%cal Od1d7] [#] Black must now prevent Rxd7!} c5 $1 20. Bf3 {[%emt 0:00:04] Strongly threatening a3.} Bc6 {[%emt 0:01:24] Prevents a3.} 21. b3 Nf6 22. Rxd8+ Rxd8 ({Better is} 22... Kxd8 $11 23. Rd1+ (23. Qh4 Rg6 $11) 23... Ke7) 23. Qh6 $36 {[%emt 0:01:51][%mdl 2048] White has the initiative.} Bxf3 {[%emt 0:02:15] White stays focused until the end.} 24. gxf3 (24. Qxf6 Be4 25. Nc3 Bxc3 26. Qxc3 Rd3 27. Qh8+ Kb7 $17) 24... Nd7 (24... Qe7 $16) 25. Qxe6 $18 Kb7 26. Qxf5 Qc6 27. Qxh7 Re8 28. Qd3 Nf6 29. Bc1 Ng4 30. Qh7+ ({Much less strong is} 30. a3 Ba5 31. Kg1 Nf6 $18) 30... Ka8 (30... Kb8 $142 31. f5 (31. Nxb6 Qxb6 32. Qh3 Ne3 $11) 31... Nf6 32. Bf4+ Ka8) 31. Kg1 Nf6 32. Qf7 b5 (32... Rg8+ $142 33. Kh1 Rd8) 33. Bb2 Re6 34. Rd1 {[%emt 0:01:27] [#] Intending Rd8+ and mate.} Ba5 {[%emt 0:00:01] Inhibits Rd8+.} (34... Qe8 {was worth a try.} 35. Qxe8+ Nxe8) 35. Qf8+ Ne8 36. Qxc5 ({Not} 36. Nxc5 Qxf3 37. Nxe6 Qxd1+ 38. Kf2 Qe1+ 39. Kf3 Qxe6 $15) 36... Qb7 37. cxb5 axb5 38. Be5 {[%emt 0:00:47] Prevents Bc7. aiming for b4.} Rg6+ 39. Kf2 Rc6 {[%emt 0:00:13] Inhibits b4.} 40. Qd5 Nf6 41. Bxf6 Rxf6 42. Qxb7+ Kxb7 {[%emt 0:00:04][%mdl 4096] Endgame KRB-KRN} 43. Nc5+ Kc6 44. Nd3 {[%emt 0:02:47] White is clearly winning.} Bb6+ 45. Kf1 Kb7 46. Re1 Rd6 47. Re7+ Kc8 48. Nf2 Rc6 49. Re2 Rf6 50. Nd3 {[%emt 0:01:45] Weighted Error Value: White=0.27 (precise) /Black=0.54} 1-0

[Event "97th Argentine Championship 2022"]
[Site "Barichole"]
[Date "2022.12.06"]
[Round "7.5"]
[White "Mareco, Sandro"]
[Black "Sorin, Ariel"]
[Result "1-0"]
[ECO "B38"]
[WhiteElo "2619"]
[BlackElo "2363"]
[Annotator "TA"]
[PlyCount "69"]
[EventDate "2022.12.01"]
[EventType "tourn"]
[EventCountry "ARG"]
[SourceTitle "playchess.com"]
[Source "ChessBase"]
[SourceQuality "1"]
[TimeControl "40/5400+30:1800+30"]

1. d4 Nf6 2. c4 g6 3. Nc3 Bg7 4. e4 d6 5. h3 O-O 6. Be3 c5 7. Nf3 cxd4 8. Nxd4 Nc6 9. Be2 Nxd4 10. Bxd4 Bd7 {[%emt 0:00:32] The main line 10...Bd7 scores better than 10...Be6.} 11. O-O Bc6 12. Qc2 {[%emt 0:00:10] B38: Sicilian: Maroczy Bind with 5...Bg7 and 7...0-0.} a6 13. b4 Rc8 14. Rfd1 {[%emt 0:05:31] [#] White is slightly better.} b5 $146 ({Predecessor:} 14... Qc7 15. a4 Bd7 16. Bxf6 Bxf6 17. Nd5 Qc6 18. Nxf6+ exf6 19. Qd3 Be6 20. b5 Qxc4 21. Qxc4 Bxc4 22. Bxc4 Rxc4 23. bxa6 bxa6 24. Rxd6 Ra8 25. Rxf6 Rxe4 {½-½ (25) Jurga,J (1879)-Paeslack,L (2014) Willingen 2019}) 15. Qb2 {[%emt 0:05:07] White is more active.} (15. c5 $16) 15... bxc4 $11 16. Bxc4 Bb7 (16... a5 $1 $11 {remains equal.}) 17. Bb3 ({White should play} 17. Bf1 $16) 17... Qc7 18. Nd5 {[%emt 0:05:00] Inhibits e5.} Bxd5 19. exd5 Qb7 20. a3 Qb5 21. Re1 $36 {[%emt 0:17:16][%mdl 2048] White has good play.} Rc7 22. Rac1 {[%emt 0:01:18] Against a5} Rfc8 23. Rxc7 Rxc7 24. Rc1 {[%emt 0:00:08] Prevents h5.} Qb7 (24... Rxc1+ $14 25. Qxc1 Qd3 26. Qc8+ Bf8) 25. Rc4 Ne8 26. Bxg7 Nxg7 27. Qc3 Rxc4 28. Qxc4 $16 {[%emt 0:00:04][%mdl 4096] Endgame Black must now prevent Qc6. KQB-KQN} ({Don't do} 28. Bxc4 Qc8 $14) 28... Nf5 (28... Nh5 $16 {keeps fighting.}) 29. Bc2 $18 Kg7 {[%emt 0:01:52] [#]} 30. Bd3 $1 Kf6 $2 (30... Kf8 31. Bf1 (31. Qxa6 Qxa6 32. Bxa6 e5 $18) 31... Ke8 32. Qxa6 Qxa6 33. Bxa6 e6 34. dxe6 fxe6) 31. g4 {[%emt 0:04:33][%cal Bg2g4,Bg4g5][%mdl 32] White is clearly winning.} ({Not} 31. Qxa6 Qxd5 32. Bf1 Qd4 $16) 31... Nh6 32. Qd4+ e5 33. dxe6+ Ke7 34. g5 {[%emt 0:00:07] [#] aiming for Qf6+.} Ng8 {[%emt 0:00:33] Against Qf6+} 35. Qg7 {[%emt 0:00:48] Weighted Error Value: White=0.12 (very precise) /Black=0.42} (35. Bc4 $142 f6 36. Qh4) 1-0

[Event "97th Argentine Championship 2022"]
[Site "Barichole"]
[Date "2022.12.06"]
[Round "7.6"]
[White "Fiorito, Joaquin"]
[Black "Gaitan, Juan Manuel"]
[Result "1-0"]
[ECO "C47"]
[WhiteElo "2344"]
[BlackElo "2347"]
[Annotator "TA"]
[PlyCount "65"]
[EventDate "2022.12.01"]
[EventType "tourn"]
[EventCountry "ARG"]
[SourceTitle "playchess.com"]
[Source "ChessBase"]
[SourceQuality "1"]
[TimeControl "40/5400+30:1800+30"]

1. e4 e5 2. Nf3 Nf6 3. Nc3 Nc6 4. d4 exd4 5. Nxd4 Bb4 6. Nxc6 bxc6 7. Bd3 O-O 8. O-O d5 9. Bd2 Rb8 {[%emt 0:00:17] C47: Scotch Four Knights and Four Knights with 4 g3.} 10. Re1 Bg4 {[%emt 0:09:41] Prevents e5.} 11. Qc1 Re8 {[%emt 0:00:09] The position is equal.} 12. e5 Nd7 {[%emt 0:00:16] [#]} 13. h3 $146 ({Predecessor:} 13. a3 Bf8 14. Bg5 Qc8 15. h3 Bh5 16. Bf5 Bg6 17. Bxg6 hxg6 18. Bf4 Nc5 19. b4 {1-0 (111) Harika,D (2517)-Paravyan,D (2617) Chess.com INT 2022}) 13... Be6 14. f4 Nc5 15. Ne2 Bxd2 16. Qxd2 Rxb2 17. Nd4 (17. f5 $5 ) 17... Nxd3 (17... Qh4 {seems wilder.} 18. Qe3 Nxd3 19. cxd3 c5) 18. Qxd3 Rb6 19. f5 {[%emt 0:07:02] Prevents c5.} Bc8 {[%emt 0:06:39] [#] aiming for ...c5.} 20. f6 (20. Qg3 $5 ) 20... Kh8 $1 21. Nf3 {[%emt 0:13:10] Black must now prevent Ng5.} h6 {[%emt 0:03:27] Prevents Ng5.} ({But not} 21... gxf6 22. exf6 h6 23. Rxe8+ Qxe8 24. Re1 $16) 22. Qd4 c5 23. Qxc5 (23. fxg7+ {looks sharper.} Kxg7 24. Qxc5 Qe7 25. Qxd5 Bb7 26. Qd3) 23... Bf5 (23... gxf6 $11 {remains equal.} 24. Rad1 Be6) 24. Rad1 $36 {[%emt 0:00:55][%cal Ba1d1,Bd1d5,Bd5c5,Bc5c7][%mdl 2080] Black is under strong pressure. White is more active.} gxf6 25. Rxd5 ({Much worse is} 25. Qxd5 Qxd5 26. Rxd5 fxe5 $11) 25... Qe7 26. exf6 (26. a4 {is more complex.} fxe5 27. a5 Qxc5+ 28. Rxc5 Ra6 29. g4) 26... Qxc5+ 27. Rxc5 Rxe1+ 28. Nxe1 {[%emt 0:00:07] KRB-KRN} Be6 {[%emt 0:00:01] [#]} (28... Rxf6 $14 29. Rxc7 a6) 29. a4 $1 Kh7 30. Nd3 {[%emt 0:00:23] Prevents Rb4.} ({Don't take} 30. Rxc7 Ra6 $16) 30... Rb1+ 31. Kh2 Ra1 32. Rxc7 Rxa4 (32... Kg6 {is a better chance.} 33. Rxa7 Kxf6) 33. Nc5 $1 {[%emt 0:00:15][%csl LRa4,LRe6] Weighted Error Value: White=0.07 (flawless) /Black=0.26 (precise)} 1-0

[Event "97th Argentine Championship 2022"]
[Site "Barichole"]
[Date "2022.12.07"]
[Round "8.1"]
[White "Krysa, Leandro"]
[Black "Fiorito, Joaquin"]
[Result "1-0"]
[ECO "A11"]
[WhiteElo "2524"]
[BlackElo "2344"]
[Annotator "TA"]
[PlyCount "45"]
[EventDate "2022.12.01"]
[EventType "tourn"]
[EventCountry "ARG"]
[SourceTitle "playchess.com"]
[Source "ChessBase"]
[SourceQuality "1"]
[TimeControl "40/5400+30:1800+30"]

1. Nf3 Nf6 2. g3 d5 3. Bg2 Bf5 4. O-O e6 5. c4 c6 6. cxd5 exd5 7. d3 Be7 8. Qb3 {[%emt 0:00:20] A11: English Opening: 1...c6.} Qb6 9. Qc2 h6 10. Nc3 {[%emt 0:02:17] White is slightly better.} O-O 11. e4 Bh7 12. Be3 Qa6 13. Rfd1 Nbd7 14. a3 {[%emt 0:06:33][%cal Ba2a3,Ba3a4,Ba4a5][%mdl 32] [#]} Qa5 $146 ({Black should try} 14... Bc5 $11) ({Predecessor:} 14... dxe4 15. dxe4 Bc5 16. Bxc5 Nxc5 17. Nd4 Rfe8 18. f3 Qb6 19. Qf2 a5 20. Rd2 Nfd7 {½-½ (84) Vachier Lagrave,M (2762)-Van Wely,L (2654) Dubai 2014}) 15. b4 $14 Qd8 16. Qb3 Nb6 (16... dxe4 $14 17. dxe4 Nxe4) 17. a4 {[%emt 0:04:40] White has more active pieces. The black rooks are badly placed.} dxe4 (17... Nbd7 $142) 18. dxe4 $16 Qc8 (18... Qe8 $16) 19. a5 $18 Nbd7 20. Bh3 Qe8 (20... Qc7 $142 21. Bf4 Qc8) 21. e5 {[%emt 0:03:15] White is clearly winning.} Nd5 22. Nxd5 cxd5 23. Qxd5 {[%emt 0:00:31] Weighted Error Value: White=0.02 (flawless) /Black=0.42} 1-0

[Event "97th Argentine Championship 2022"]
[Site "Barichole"]
[Date "2022.12.07"]
[Round "8.2"]
[White "Gaitan, Juan Manuel"]
[Black "Peralta, Fernando"]
[Result "0-1"]
[ECO "E17"]
[WhiteElo "2347"]
[BlackElo "2587"]
[Annotator "TA"]
[PlyCount "92"]
[EventDate "2022.12.01"]
[EventType "tourn"]
[EventCountry "ARG"]
[SourceTitle "playchess.com"]
[Source "ChessBase"]
[SourceQuality "1"]
[TimeControl "40/5400+30:1800+30"]

1. d4 Nf6 2. c4 e6 3. Nf3 b6 4. g3 Bb7 5. Bg2 Be7 6. O-O O-O 7. Re1 Qc8 8. Bg5 {[%emt 0:03:12][%cal Oe2e4] E17: Queen's Indian: 4 g3 Bb7 5 Bg2 Be7.} h6 {[%emt 0:00:21] Against e4} 9. Bxf6 Bxf6 10. Nc3 {[%emt 0:03:07] The position is equal.} d6 11. Rc1 {[%emt 0:07:23] [#]} Nd7 $146 ({Predecessor:} 11... c5 12. d5 Bxc3 13. Rxc3 e5 14. Nh4 Qd8 15. Bh3 Nd7 16. e4 Bc8 17. Ng2 Nf6 18. Bxc8 Qxc8 {½-½ (53) Sargissian,G (2670)-L'Ami,E (2605) Douglas 2016}) 12. b3 a6 13. h4 c5 14. d5 e5 15. Bh3 Qd8 16. Nd2 h5 (16... Be7 $14) 17. e4 (17. Nde4 $16) 17... g6 $11 18. Nf1 Bg7 19. Rc2 Bh6 20. Kg2 Nf6 21. Qf3 Ne8 22. Ne3 ({White should play} 22. Rb1 $14) 22... Ng7 23. Kh2 (23. Rg1 {feels hotter.} f5 24. exf5 Bc8 25. f6) 23... f5 24. exf5 gxf5 25. Ng2 (25. Nxf5 Nxf5 26. Qxh5 (26. Bxf5 Bc8 $19) 26... Qe8 27. Qxe8 Raxe8 28. Bxf5 Rxf5 $17) 25... Bc8 26. Qd1 f4 (26... Qf6 {simplifies} 27. f4 exf4 28. gxf4 Bd7) 27. Re4 (27. Bxc8 $11 Qxc8 28. Ne4) 27... Bxh3 $17 28. Kxh3 Ra7 29. gxf4 exf4 (29... Bxf4 30. Nxf4 exf4 31. f3 $16) 30. Qf3 (30. Kh2 $2 f3 31. Ne1 Qf6 $19) (30. f3 $17) 30... Qf6 (30... Nf5 $1 $19 {has better winning chances. White must now prevent ...Qc8.} 31. Kh2 (31. Qxh5 $2 Rh7 $17) 31... Bg7) 31. Rce2 {[%emt 0:00:15] [#]} (31. Rc1 $142) 31... Raf7 (31... Nf5 $6 32. Re6 Qg7 33. R2e4 $11) ({Better is} 31... Qf5+ $1 $17 32. Kh2 Qg4 33. Qxg4 hxg4) 32. Kh2 Qg6 {[%emt 0:02:45] Against Re6. White should prevent ...Qg4.} 33. Re1 Qg4 (33... Nf5 {simplifies} 34. Ne2 Qg4 35. Qxg4+ hxg4 36. Nexf4 Nxh4 37. Nxh4 Bxf4+ 38. Kg1 Kh7) 34. Qh3 (34. Qd3 $11 {remains equal.}) 34... Nf5 {[%emt 0:01:59] aiming for ...Rg7. Black is more active.} (34... Qxh3+ $6 35. Kxh3 f3 36. Ne3 $11) 35. f3 $2 {[%emt 0:06:43] White does not recover from this.} ({Of course not} 35. Qxg4+ hxg4 36. Rg1 (36. Nxf4 $2 {loses.} Nxh4 37. Kg3 Nf3 $19) 36... Bg7 37. Nxf4 Bxc3 $17) ({White has to play} 35. Rg1 $1 $15 Qxh3+ 36. Kxh3) 35... Qg3+ $19 36. Qxg3+ fxg3+ 37. Kh3 Bd2 $1 38. Ne2 Bxe1 39. Nxe1 Rg7 40. Ng2 $2 {[%emt 0:00:00] [#]} (40. Nf4 g2 41. Nexg2 Rg3+ 42. Kh2 Rxf3 43. Nxh5) 40... Nd4 $1 41. Nxd4 cxd4 {[%emt 0:01:41] KRR-KRN. Black is clearly winning.} 42. f4 Kf7 ({Don't blunder} 42... d3 $2 43. Re3 $19) 43. Rxd4 Re8 {[%emt 0:00:03] Prevents Re4. Threatens to win with ...Re2.} 44. Rd2 Kf6 45. a4 (45. Rc2 $142 Kf5 46. Rd2) 45... a5 46. Rd3 Re2 {[%emt 0:00:49] Weighted Error Value: White=0.39/Black=0.12 (very precise)} 0-1

[Event "97th Argentine Championship 2022"]
[Site "Barichole"]
[Date "2022.12.07"]
[Round "8.3"]
[White "Perez Ponsa, Federico"]
[Black "Mareco, Sandro"]
[Result "1/2-1/2"]
[ECO "B11"]
[WhiteElo "2538"]
[BlackElo "2619"]
[Annotator "TA"]
[PlyCount "75"]
[EventDate "2022.12.01"]
[EventType "tourn"]
[EventCountry "ARG"]
[SourceTitle "playchess.com"]
[Source "ChessBase"]
[SourceQuality "1"]
[TimeControl "40/5400+30:1800+30"]

1. e4 c6 2. Nf3 d5 3. Nc3 Bg4 4. h3 Bxf3 5. Qxf3 e6 6. Be2 Bc5 {[%emt 0:00:04] B11: Caro-Kann: Two Knights Variation.} (6... d4 {simplifies} 7. Nb1 Nf6 8. O-O Nbd7) 7. Qg3 {[%emt 0:03:05] [#]} Ne7 $146 (7... Bd4 $11) ({Predecessor:} 7... Bd4 8. O-O Ne7 9. exd5 exd5 10. Bd1 Nd7 11. Ne2 Be5 12. Qf3 O-O 13. d4 Bd6 14. c3 {1-0 (61) McShane,L (2655)-Ghasi,A (2485) London 2021}) 8. Qxg7 Ng6 {[%emt 0:00:17] White is slightly better.} 9. exd5 cxd5 10. Bb5+ (10. d4 $2 Bf8 $19) 10... Nc6 11. Na4 (11. d4 $2 Bf8 $19) 11... Bd6 12. Bxc6+ $1 bxc6 13. Qc3 $1 Qh4 14. d4 O-O 15. Be3 f5 (15... Nf4 $16) 16. Qxc6 $18 f4 17. g3 ({Stronger than} 17. Qxd6 fxe3 18. O-O-O (18. Qxe6+ Kh8 $11) 18... exf2 $11) (17. Bd2 $1 $18 Qe7 18. O-O-O) 17... Qe7 18. gxf4 $1 {[%emt 0:01:06] Threatens to win with 0-0-0.} Rac8 {[%emt 0:00:07][%mdl 64] Deflection} 19. Qa6 {[%emt 0:00:47] And now 0-0-0 would win.} Rxc2 {[%emt 0:00:08] [#]} 20. Qd3 (20. Kd1 $1 $16 Qc7 21. Rc1 Rxc1+ 22. Bxc1) 20... Rcc8 $11 (20... Nxf4 $2 21. Rg1+ Kh8 22. Qxc2 $18) 21. Rg1 Kh8 22. Rg4 (22. Rc1 $11) 22... Nxf4 $15 23. Bxf4 Bxf4 24. Kf1 Qf6 (24... Rf5 $15 25. Re1 Rcf8) 25. Rd1 $11 Rf7 26. Nc3 Rcf8 27. Re1 (27. Qe2 $11) 27... Qh6 $15 {[%emt 0:01:22] aiming for ...Bd2.} 28. Rg2 Rf5 29. Qe2 ({White should try} 29. Nd1 $15) 29... Qxh3 (29... Bd2 $142 {[%cal Of5f2] White must now prevent ...Rxf2+!} 30. Kg1 Bxe1 31. Qxe1 R8f6) 30. Qg4 $19 {[%emt 0:00:21][%csl Gg2][%cal Rg4g7] [#]} Qh6 {[%emt 0:00:09] Inhibits Qg7+.} ({And not} 30... Qxg4 31. Rxg4 R8f6 32. Ke2 $15) (30... Qd3+ $1 $19 31. Ne2 Bh6) 31. Rxe6 $1 $14 {[%emt 0:00:24] Dancing on a razor blade. White has more active pieces.} R5f6 (31... Qg5 $16) 32. Rxf6 $18 Qxf6 33. Nxd5 Qa6+ 34. Qe2 $2 (34. Kg1 $18 Bh6 35. Qe4) 34... Qxa2 $14 35. Nxf4 (35. Nc3 $1 $14 {is superior.} Qa1+ 36. Nd1) 35... Qb1+ $11 {[%emt 0:00:05] The position is equal.} 36. Qe1 Qxe1+ 37. Kxe1 Rxf4 38. Rg5 {[%emt 0:01:56] White used his chance.   Weighted Error Value: White=0.34/Black=0.34} 1/2-1/2